 Dungeon Crawl Stone Soup version 0.30-a0-778-g2ef04afb54 (webtiles) character file.

Game seed: 17259216218097984686

96 Esekla the Sneak (level 4, -5/31 HPs)
             Began as an Octopode Delver on Feb 16, 2023.
             Was an Initiate of Gozag.
             Slain by a gnoll
             ... wielding a +0 flail
              (6 damage)
             ... on level 2 of the Dungeon.
             The game lasted 00:08:34 (1264 turns).

Esekla the Sneak (Octopode Delver)                  Turns: 1264, Time: 00:08:35

Health: -5/31      AC:  1    Str: 11    XL:     4   Next: 67%
Magic:  5/5        EV: 13    Int: 14    God:    Gozag
Gold:   344        SH:  0    Dex: 13    Spells: 5/5 levels left

rFire   . . .      SeeInvis .    n - +4 dagger
rCold   . . .      Faith    .    (no shield)
rNeg    . . .      Spirit   .    (helmet restricted)
rPois   .          Reflect  .    (no amulet)
rElec   .          Harm     .    (no ring)
rCorr   .          Rampage  .    (no ring)
Will    .....                    (no ring)
Stlth   +++++                    (no ring)
HPRegen 0.25/turn                (no ring)
MPRegen 0.09/turn                (no ring)
                                 (no ring)
                                 (no ring)

@: no status effects
A: almost no armour, amphibious, 8 rings, camouflage 1, gelatinous body 1,
(nimble swimmer 1), tentacles
a: Renounce Religion, Potion Petition, Call Merchant, Bribe Branch


You were on level 2 of the Dungeon.
You worshipped Gozag.
Gozag was aware of your devotion.
You visited 2 branches of the dungeon, and saw 6 of its levels.

You collected 360 gold pieces.
You paid 16 gold pieces to Gozag.

Inventory:

Hand Weapons
 a - a +0 falchion
 i - a +0 trident
 n - a +4 dagger (weapon)
Missiles
 r - 3 poisoned darts (quivered)
Jewellery
 s - a ring of flight
Wands
 f - a wand of digging (3)
Scrolls
 b - a scroll of fog
 c - a scroll of magic mapping
 d - 2 scrolls of fear
 g - 4 scrolls of identify {unknown}
 k - 2 scrolls of blinking {unknown}
 m - 2 scrolls of teleportation {unknown}
 o - a scroll of brand weapon {unknown}
 p - a scroll of amnesia {unknown}
 q - a scroll of poison {unknown}
Potions
 e - a potion of haste
 h - a potion of magic {unknown}
 j - a potion of degeneration {unknown}
 l - a potion of might {unknown}


   Skills:
 * Level 3.2 Fighting
 + Level 0.4(1.6) Short Blades
 * Level 2.4(2.5) Long Blades
 * Level 2.2 Dodging
 + Level 7.8 Stealth
 * Level 1.0 Spellcasting
 * Level 1.1 Transmutations


You had 5 spell levels left.
You didn't know any spells.
Your spell library contained the following spells:

 Spells                   Type           Power      Damage    Failure   Level
 Wereblood                Tmut           3%         N/A       26%         2
 Sublimation of Blood     Necr           0%         N/A       36%         2
 Summon Hydra             Summ           0%         N/A       100%        7


Dungeon Overview and Level Annotations

Branches:
Dungeon (5/15)             Temple (1/1) D:5

Altars:
Ashenzari
Dithmenos
Gozag
Hepliaklqana
Qazlal
Trog
Uskayaw
Vehumet
Wu Jian
Xom
Yredelemnul


Innate Abilities, Weirdness & Mutations

You cannot wear most types of armour.
You are amphibious.
You can wear up to eight rings at the same time.
Your skin changes colour to match your surroundings (Stealth+).
Your rubbery body absorbs attacks. (AC +1, EV +1)
((You are camouflaged when in or above water. (Stealth+)))
You have tentacles for arms and can constrict up to eight enemies at once.


Message History

There is a stone staircase leading up here.
There is a stone staircase leading up here.
The gnoll hits you with a +0 whip.
You climb upwards.
There is a stone staircase leading down here.
You barely miss the gnoll. You grab the gnoll. You constrict the gnoll.
The gnoll closely misses you.
You hit the gnoll.
The gnoll is moderately wounded.
You constrict the gnoll. The gnoll misses you.
You hit the gnoll.
The gnoll is severely wounded.
You constrict the gnoll. The gnoll closely misses you.
You hit the gnoll.
You kill the gnoll!
You now have 344 gold pieces (gained 7).
s - a ring of flight You see here a +0 whip.
You start resting.
HP restored.
There is a stone staircase leading down here.
You climb downwards.
There is a stone staircase leading up here.
The gnoll shouts!
The gnoll hits you with a +0 flail!
The gnoll shouts!
You hit the gnoll. Your grab misses the gnoll.
The gnoll is lightly wounded.
You completely miss the gnoll. Your grab misses the gnoll.
The gnoll is lightly wounded.
The gnoll misses you. The gnoll attacks as you move away!
The gnoll barely misses you.
There is a stone staircase leading up here.
The gnoll attacks as you move away! The gnoll hits you with a +0 flail!
The gnoll attacks as you move away! The gnoll misses you.
The gnoll attacks as you move away! The gnoll hits you with a +0 flail!
* * * LOW HITPOINT WARNING * * *
The gnoll attacks as you move away! The gnoll hits you with a +0 flail.
You die...
Your body crumbles into a pile of gold.

#.......# #.....## #.#
#.......# ##P...# #.#
#.......########...# #.#
...................# #####.#
#.........######...######.....#
####.####..##..............####
#.............##...#####.###
♣.♣......#..####.........#
♣.♣♣.....##.## #@..<..####
...♣♣♣...##..###g.)...#
......♣.(....##.g.....#
PP...♣♣#.....##.......# #.#
♣...P♣♣.......<.......##..#.
♣.P♣.P♣#.................#..
.♣P♣.♣♣........<..>...#...#.
.♣♣♣♣♣♣.....................
...♣♣♣#.##.....#..........#.


You could see 2 gnolls.

Vanquished Creatures
  2 gnolls
  3 adders (D:2)
  A worm (D:2)
  3 ball pythons (D:1)
  7 endoplasms
  2 giant cockroaches (D:1)
  4 goblins
  8 hobgoblins
  4 kobolds (D:1)
  2 quokkas (D:1)
  A bat (D:1)
  A frilled lizard (D:1)
  7 rats
45 creatures vanquished.

Vanquished Creatures (others)
  A plant (D:2)
1 creature vanquished.

Grand Total: 46 creatures vanquished

Notes
Turn   | Place    | Note
-------+----------+-------------------------------------------
     0 | D:5      | Esekla the Octopode Delver began the quest for the Orb.
     0 | D:5      | Reached XP level 1. HP: 16/16 MP: 1/1
     2 | D:5      | Found a staircase to the Ecumenical Temple.
    12 | D:5      | Noticed an iguana
    31 | Temple   | Entered the Ecumenical Temple
    44 | Temple   | Became a worshipper of Gozag Ym Sagoz the Greedy
   128 | D:4      | Found a hazy altar of Hepliaklqana.
   129 | D:4      | Found a shadowy altar of Dithmenos.
   129 | D:4      | Noticed a shadow
   142 | D:4      | Noticed a jelly
   215 | D:2      | Reached skill level 7 in Stealth
   215 | D:2      | Reached XP level 2. HP: 21/21 MP: 2/2
   327 | D:2      | Found a faded altar of an unknown god.
   506 | D:1      | Reached XP level 3. HP: 26/26 MP: 3/3
  1029 | D:1      | Reached skill level 1 in Spellcasting
  1112 | D:2      | Reached XP level 4. HP: 31/31 MP: 5/5
  1116 | D:2      | Reached skill level 1 in Transmutations
  1262 | D:2      | HP: 1/31 [gnoll/+0 flail (13)]
  1264 | D:2      | Slain by a gnoll

Illustrated notes

Levels and vault maps discovered:
D:1:      minmay_arrival_up_and_down, layout_basic, roderic_serpentine_path,
          minmay_small_reverse_x
D:2:      layout_rooms, dreamdust_ecumenical_altar_angels_and_demons,
          basic_altar, serial_forest, infiniplex_forest_clump_tiny,
          infiniplex_forest_clump_curved, infiniplex_forest_clump_double,
          infiniplex_forest_end_3, infiniplex_forest_clump_tiny,
          infiniplex_forest_split, infiniplex_forest_lined_3,
          infiniplex_forest_straight_3, st_stairs_12
D:3:      layout_loops_cross, minmay_quantized
D:4:      layout_basic, riverfiend_overflow_shadow_ancestor,
          ebering_ghost_sewer_d
D:5:      layout_basic, lemuel_crystal_altar, minmay_temple_entry_glassed_door,
          dk_rats_in_the_wall
Temple:   nicolae_temple_bog_church

Skill      XL: |  1  2  3  4 |
---------------+-------------+-----
Stealth        | 7 |  7.8
Spellcasting   | 1 |  1.0
Transmutations | 1 |  1.1
Fighting       | |  3.2
Short Blades   | |  0.4
Long Blades    | |  2.4
Dodging        | |  2.2

Action                     |  1- 3 |  4- 6 || total
---------------------------+-------+-------++-------
  Melee: Falchion          |    25 |       ||    25
         Tentacles         |    11 |     1 ||    12
         Constrict         |     9 |     3 ||    12
         Dagger            |    31 |    13 ||    44
  Throw: Dart              |     3 |       ||     3
   Stab: Sleeping          |    19 |     1 ||    20
         Distracted        |     1 |       ||     1
 Armour: Skin              |     4 |       ||     4
  Dodge: Dodged            |    19 |     8 ||    27

Table legend: (Time is in decaauts)
 A = Elapsed time spent in this place.
 B = Non-inter-level travel time spent in this place.
 C = Inter-level travel time spent in this place.
 D = Time resting spent in this place.
 E = Time spent auto-exploring this place.
 F = Levels seen in this place.
 G = Mean time per level.
                   A        B        C        D        E       F      G
               +--------+--------+--------+--------+--------+-----+--------+
         Total |   1266 |   1235 |     31 |      6 |    291 |   6 |  211.0 |
       Dungeon |   1242 |   1221 |     21 |      6 |    288 |   5 |  248.4 |
        Temple |     23 |     13 |     10 |      0 |      3 |   1 |   23.0 |
               +--------+--------+--------+--------+--------+-----+--------+

Top non-repeatable levels by time:
     D:1: 742 daAuts
     D:2: 319 daAuts
     D:4: 78 daAuts
     D:5: 61 daAuts
     D:3: 39 daAuts
  Temple: 23 daAuts
